 Dungeon Crawl Stone Soup version 0.24.0-1-gfbc8707 (webtiles) character file.

Game seed: 14966169747767131179, levelgen mode: deterministic

579360 Naeva the Invulnerable (level 25, -1/257 HPs)
             Began as a Minotaur Fighter on Dec 22, 2019.
             Was the Champion of Okawaru.
             Killed from afar by a green draconian knight (16 damage)
             ... with a shard of ice
             ... on level 2 of the Realm of Zot on Dec 25, 2019.
             The game lasted 06:22:42 (61457 turns).

Naeva the Invulnerable (Minotaur Fighter)          Turns: 61457, Time: 06:22:43

Health: -1/257     AC: 49    Str: 27    XL:     25   Next: 88%
Magic:  29/33      EV: 23    Int:  5    God:    Okawaru [******]
Gold:   5876       SH: 17    Dex: 27    Spells: 34/38 levels left

rFire    + + .     SeeInvis .   a - +9 demon whip (freeze)
rCold    + + +     Gourm    .   B - +1 shield {AC+3}
rNeg     + + +     Faith    .   j - +9 gold dragon scales
rPois    +         Spirit   .   y - +2 hat of Curiosity {rC+ Dex+4}
rElec    .         Reflect  .   d - scarf {rC+ rF+}
rCorr    +         Harm     .   S - +2 pair of gloves {Dex+3}
MR       +....                  O - +2 pair of boots of Ennui {rPois rN+++ Dex-2 Stlth+}
Stlth    ..........             b - amulet of the Two Names {+Rage Slay+5}
HPRegen  0.52/turn              m - ring "Jatian" {rPois EV+5 Str+4}
MPRegen  0.23/turn              W - ring of resist corrosion

@: finesse, slowed, constricted, very slow
A: retaliatory headbutt, horns 2, agile 1, MP-powered wands
}: 3/15 runes: serpentine, barnacled, silver
a: Heroism, Finesse, Renounce Religion, Evoke Berserk Rage


You were on level 2 of the Realm of Zot.
You worshipped Okawaru.
Okawaru was exalted by your worship.
You were not hungry.

You visited 10 branches of the dungeon, and saw 46 of its levels.
You visited the Abyss 1 time.
You also visited: Sewer and Gauntlet.

You collected 6834 gold pieces.
You spent 958 gold pieces at shops.

Inventory:

Hand Weapons
 a - a +9 demon whip of freezing (weapon)
Armour
 d - a scarf of resistance (worn)
 j - +9 gold dragon scales (worn)
 y - the +2 hat of Curiosity (worn) {rC+ Dex+4}
   (Okawaru gifted it to you on level 15 of the Dungeon)

   It affects your dexterity (+4).
   It protects you from cold.
 B - a +1 shield of protection (worn)
 O - the +2 pair of boots of Ennui (worn) {rPois rN+++ Dex-2 Stlth+}
   (You found it on level 6 of the Lair of Beasts)

   It affects your dexterity (-2).
   It protects you from poison.
   It renders you almost immune to negative energy.
   It makes you more stealthy.
 S - a +2 pair of gloves of dexterity (worn)
Jewellery
 b - the amulet of the Two Names (around neck) {+Rage Slay+5}
   (You found it on level 1 of the Depths)

   [amulet of rage]

   It affects your accuracy and damage with ranged weapons and melee attacks
   (+5).
   It lets you go berserk.
 m - the ring "Jatian" (left hand) {rPois EV+5 Str+4}
   (You took it off a minotaur in a Gauntlet)

   [ring of evasion]

   It affects your evasion (+5).
   It affects your strength (+4).
   It protects you from poison.
 n - a +4 amulet of reflection
 W - a ring of resist corrosion (right hand)
 X - a +3 ring of slaying
 Z - an uncursed ring of see invisible
Wands
 i - a wand of clouds (4)
 k - a wand of digging (10)
 C - a wand of enslavement (36)
 D - a wand of iceblast (43)
 E - a wand of acid (14)
 F - a wand of polymorph (15)
 J - a wand of disintegration (23)
 M - a wand of flame (64)
 V - a wand of paralysis (29)
Scrolls
 e - 27 scrolls of remove curse {@r2}
 l - 9 scrolls of teleportation
 s - 12 scrolls of identify {@r1}
 v - 2 scrolls of blinking
 x - 4 scrolls of amnesia
 G - 2 scrolls of fear
 L - 9 scrolls of magic mapping
 Q - 4 scrolls of fog
Potions
 c - 5 potions of mutation
 g - 6 potions of haste
 h - 16 potions of curing {@q1}
 o - 2 potions of magic
 r - 6 potions of heal wounds
 t - 7 potions of agility
 u - 8 potions of flight
 z - 2 potions of invisibility
 A - 2 potions of ambrosia
 I - 7 potions of might
 K - 3 potions of berserk rage
 N - a potion of resistance
 P - 6 potions of cancellation
 T - 5 potions of brilliance
Miscellaneous
 H - a phial of floods
 R - a lamp of fire
Comestibles
 f - 82 rations
 p - 3 chunks of flesh


   Skills:
 O Level 27 Fighting
 - Level 14.0 Maces & Flails
 O Level 27 Armour
 - Level 17.0 Dodging
 - Level 15.1 Shields
 + Level 7.3 Spellcasting
 - Level 8.0 Charms
 - Level 10.0 Air Magic
 - Level 7.0 Invocations
 - Level 10.0 Evocations


You had 34 spell levels left.
You knew the following spells:

 Your Spells              Type           Power        Failure   Level  Hunger
a - Swiftness             Chrm/Air       ##......     6%          2    ###....
b - Song of Slaying       Chrm           #.......     9%          2    ###....

Your spell library contained the following spells:

 Spells                   Type           Power        Failure   Level  Hunger
 Infusion                 Chrm           #...         6%          1    #......
 Shock                    Conj/Air       #...         21%         1    #......
 Airstrike                Air            ##........   26%         4    #####..
 Poisonous Vapours        Pois/Air       #.....       30%         2    ###....
 Shroud of Golubria       Chrm/Tloc      #.....       41%         2    ###....
 Static Discharge         Conj/Air       #.......     52%         3    ###....
 Regeneration             Chrm/Necr      #.........   65%         3    ###....
 Spectral Weapon          Hex/Chrm       #.......     65%         3    ###....
 Mephitic Cloud           Conj/Pois/Air  #.......     75%         3    ###....
 Animate Skeleton         Necr           N/A          83%         1    #......
 Apportation              Tloc           #.....       83%         1    #......
 Beastly Appendage        Tmut           #.....       83%         1    #......
 Confusing Touch          Hex            #.....       83%         1    #......
 Corona                   Hex            #......      83%         1    #......
 Sting                    Conj/Pois      #...         83%         1    #......
 Summon Small Mammal      Summ           #...         83%         1    #......
 Summon Lightning Spire   Summ/Air       #.......     89%         4    #####..
 Ensorcelled Hibernation  Hex/Ice        #.....       93%         2    ###....
 Sticks to Snakes         Tmut           #.......     93%         2    ###....
 Sublimation of Blood     Necr           #.........   93%         2    ###....
 Throw Flame              Conj/Fire      #.....       93%         2    ###....
 Confuse                  Hex            #.......     99%         3    ###....
 Conjure Flame            Conj/Fire      #.......     99%         3    ###....
 Gell's Gravitas          Tloc           #.........   99%         3    ###....
 Ignite Poison            Fire/Tmut/Pois #.......     99%         3    ###....
 Inner Flame              Hex/Fire       #.......     99%         3    ###....
 Recall                   Summ/Tloc      N/A          99%         3    ###....
 Spider Form              Tmut/Pois      #.........   99%         3    ###....
 Lightning Bolt           Conj/Air       #.........   99%         5    ######.
 Silence                  Hex/Air        #.........   99%         5    ######.
 Deflect Missiles         Chrm/Air       ##........   99%         6    #######
 Animate Dead             Necr           N/A          100%        4    #####..
 Fulminant Prism          Conj/Hex       #.........   100%        4    #####..
 Ice Form                 Ice/Tmut       #.......     100%        4    #####..
 Olgreb's Toxic Radiance  Pois           #.......     100%        4    #####..
 Petrify                  Tmut/Erth      #.......     100%        4    #####..
 Alistair's Intoxication  Tmut/Pois      #.......     100%        5    ######.
 Blade Hands              Tmut           #.........   100%        5    ######.
 Bolt of Magma            Conj/Fire/Erth #.........   100%        5    ######.
 Borgnjor's Vile Clutch   Necr/Erth      #.........   100%        5    ######.
 Fireball                 Conj/Fire      #.........   100%        5    ######.
 Irradiate                Conj/Tmut      #.........   100%        5    ######.
 Metabolic Englaciation   Hex/Ice        #.........   100%        5    ######.
 Venom Bolt               Conj/Pois      #.........   100%        5    ######.
 Yara's Violent Unravell  Hex/Tmut       #.........   100%        5    ######.
 Bolt of Cold             Conj/Ice       #.........   100%        6    #######
 Bolt of Fire             Conj/Fire      #.........   100%        6    #######
 Conjure Ball Lightning   Conj/Air       #.........   100%        6    #######
 Darkness                 Hex            #.........   100%        6    #######
 Death Channel            Necr           #.........   100%        6    #######
 Freezing Cloud           Conj/Ice/Air   #.........   100%        6    #######
 Ozocubu's Refrigeration  Ice            #.........   100%        6    #######
 Shadow Creatures         Summ           N/A          100%        6    #######
 Simulacrum               Ice/Necr       #.........   100%        6    #######
 Malign Gateway           Summ/Tloc      #.........   100%        7    #######
 Ring of Flames           Chrm/Fire      #.........   100%        7    #######
 Discord                  Hex            #.........   100%        8    #######
 Ignition                 Fire           #.........   100%        8    #######
 Shatter                  Erth           #.........   100%        9    #######
 Tornado                  Air            ##........   100%        9    #######


Dungeon Overview and Level Annotations

Branches:
Dungeon (15/15)            Temple (1/1) D:4            Lair (6/6) D:11
 Shoals (4/4) Lair:2        Snake (4/4) Lair:2        Slime (0/5) Lair:6
    Orc (2/2) D:12            Elf (2/3) Orc:2        Vaults (5/5) D:14
  Crypt (0/3) Vaults:3     Depths (5/5) D:15            Zot (1/5) Depths:5
  Sewer (visited)         Gauntlet (visited)

Altars:
Ashenzari
Cheibriados
Dithmenos
Elyvilon
Fedhas
Gozag
Hepliaklqana
Kikubaaqudgha
Makhleb
Nemelex Xobeh
Okawaru
Qazlal
Ru
Sif Muna
Trog
Uskayaw
Vehumet
Wu Jian
Xom
Yredelemnul
Zin
The Shining One
Beogh
Jiyva

Shops:
D:9 *   D:12 (   Orc:2 %*(=   Elf:1 :   Shoals:1 =   Shoals:3 =   Shoals:4 *
Snake:4 }=}   Vaults:4 }   Vaults:5 ==   Depths:1 %   Depths:2 !   Depths:3 =

Portals:
Hell: Depths:1 Depths:2 Depths:3 Depths:4 Depths:5
Abyss: Depths:1 Depths:2 Depths:3 Depths:4
Pandemonium: Depths:3
Ziggurat: Depths:3

Annotations:
Elf:2 5 runed translucent doors


Innate Abilities, Weirdness & Mutations

You reflexively headbutt those who attack you in melee.
You have a pair of horns on your head.
You are agile. (Dex +2)
You expend magic power (3 MP) to strengthen your wands.


Message History

* * * LOW HITPOINT WARNING * * *
The death cob drains your vigour!
You feel as though you will be slow longer.
Something hits you but does no damage. Something tail-slaps you.
* * * LOW HITPOINT WARNING * * *
The purple draconian misses you. You furiously retaliate!
You headbutt the purple draconian.
The deathcap releases spores at you but does no damage.
The tentacled monstrosity barely misses you.
You furiously retaliate!
You headbutt the tentacled monstrosity!
The tentacled monstrosity tentacle-slaps you but does no damage.
You block the tentacled monstrosity's attack.
The tentacled monstrosity constricts you.
The death cob hits you but does no damage.
The purple draconian closely misses you.
You furiously retaliate!
You headbutt the purple draconian!!
You hear some strange, mumbled words.
A shard of ice appears from out of thin air!
The shard of ice hits you! You partially resist.
You die...

+......%........
#...............
................
................
§...............
......f.........
......fd{zf.....
...q..dX@§f.....
......f.ff......
........f.......
########+#......
..z... ...☼..
..... .....


You could see a tentacled monstrosity, 2 draconians, a curse toe, a death cob, a
purple draconian annihilator, 2 deathcaps and 6 wandering mushrooms.

Vanquished Creatures
  A juggernaut (Depths:3)
  Boris (Vaults:4)
  Vashnia (Snake:4)
  Frederick (Vaults:5)
  7 caustic shrikes
  Saint Roka (Depths:3)
  8 golden dragons
  A bone dragon (Depths:5)
  the Enchantress (Depths:4)
  10 tentacled monstrosities
  Jorgrun (D:13)
  Asterion (Snake:2)
  9 titans
  4 liches
  4 quicksilver dragons
  8 sphinxes
  3 krakens
  A death cob (Zot:1)
  Polyphemus (Shoals:2)
  11 tengu reavers
  Agnes (D:15)
  Kirke (D:15)
  6 storm dragons
  7 shadow dragons
  Donald (Snake:4)
  11 nagarajas
  Roxanne (D:15)
  Ilsuiw (Shoals:1)
  2 draconian monks
  6 iron dragons
  5 deep elf sorcerers
  A draconian knight (Zot:1)
  13 frost giants
  15 fire giants
  The ghost of collin38 the Warrior, a journeyman MiBe of Trog (D:12)
  4 draconian scorchers (Zot:1)
  10 vault wardens
  Aizul (Snake:2)
  16 ironheart preservers
  2 deep elf elementalists (Vaults:5)
  4 draconian shifters
  27 very ugly things
  2 draconian stormcallers (Zot:1)
  5 spriggan defenders
  26 stone giants
  3 war gargoyles (Vaults:5)
  2 entropy weavers (Vaults:3)
  Nessos (D:15)
  2 draconian annihilators (Zot:1)
  3 green draconians
  2 deep elf demonologists (Vaults:5)
  5 black draconians
  A minotaur (shapeshifter) (Vaults:3)
  5 white draconians
  A minotaur (Gauntlet)
  6 red draconians
  6 yellow draconians
  5 vampire knights
  3 deep elf annihilators
  7 purple draconians
  3 spark wasps (Depths:4)
  A dire elephant (Lair:6)
  A spark wasp (shapeshifter) (Vaults:3)
  The ghost of Elebi the Grappler, a journeyman DrTm of Yredelemnul (Lair:2)
  2 crystal guardians
  6 merfolk javelineers
  3 deep elf death magi
  17 ettins
  3 deep elf high priests
  9 fire dragons
  24 yaktaur captains
  8 merfolk impalers
  11 ogre magi
  Harold (Lair:1)
  7 rakshasas
  8 great orbs of eyes
  13 spriggan air magi
  7 hydras
  11 ice dragons
  14 naga warriors
  8 merfolk avatars
  36 vault guards
  11 anacondas
  A catoblepas (shapeshifter) (Depths:4)
  The ghost of centipede the Destroyer, a journeyman DrWz of Ru (D:10)
  4 satyrs
  38 two-headed ogres
  14 dancing weapons
  5 merfolk aquamancers
  2 alligator snapping turtles
  5 tengu warriors
  11 centaur warriors
  2 catoblepae
  3 vampire magi
  7 deep troll shamans
  6 deep troll earth magi
  A thrashing horror (Abyss:1)
  12 death yaks
  3 orc high priests (Orc:2)
  2 shock serpents
  12 naga sharpshooters
  10 spriggan berserkers
  Nergalle (Lair:1)
  13 deep elf knights
  3 fire crabs
  2 sixfirhies (Abyss:1)
  2 salamander mystics (Snake:3)
  2 wretched stars (Abyss:1)
  4 unseen horrors
  12 sea snakes
  A death drake (shapeshifter) (Depths:4)
  4 skeletal warriors
  4 iron trolls
  5 hell knights
  4 glowing orange brains
  A shadow wraith (Vaults:3)
  An unseen horror (shapeshifter) (Vaults:2)
  3 flayed ghosts
  7 wizards
  18 deep trolls
  9 naga ritualists
  9 deep elf archers
  A swamp dragon (shapeshifter) (Depths:1)
  Pikel (D:5)
  5 phantasmal warriors
  25 ironbrand convokers
  3 necromancers
  14 orc knights
  A stone giant zombie (D:15)
  33 deep elf magi
  16 mana vipers
  7 orc sorcerers
  7 harpies
  19 ugly things
  A moth of wrath (Zot:2)
  11 salamanders
  3 fauns (Shoals:1)
  A fire giant zombie (D:15)
  5 cyclopes
  8 large abominations
  7 wolf spiders
  12 manticores
  6 starcursed masses (Abyss:1)
  A worldbinder (Abyss:1)
  A moth of wrath (shapeshifter) (Depths:3)
  7 merfolk sirens
  A human skeleton (Vaults:4)
  An elephant (shapeshifter) (Depths:3)
  38 black mambas
  9 elephants
  2 guardian serpents
  21 vault sentinels
  26 naga magi
  8 water nymphs
  A rust devil (Abyss:1)
  A torpor snail (shapeshifter) (Vaults:3)
  7 spiny frogs
  2 hellions
  4 rime drakes
  A rime drake (shapeshifter) (Depths:5)
  7 freezing wraiths
  2 kobold demonologists
  A torpor snail (Lair:3)
  An ancient zyme (Abyss:1)
  3 komodo dragons
  3 ice devils
  An anaconda simulacrum (Abyss:1)
  A guardian mummy (D:14)
  An efreet (D:13)
  67 yaktaurs
  A queen bee (D:8)
  2 hellwings
  7 tengu conjurers
  A red devil (Depths:1)
  A queen bee (shapeshifter) (Vaults:3)
  11 trolls
  A polar bear (shapeshifter) (Vaults:1)
  35 merfolk
  3 meliai (D:15)
  A jumping spider (Vaults:3)
  2 polar bears
  A slime creature (shapeshifter) (Depths:5)
  12 hippogriffs
  4 dream sheep
  10 snapping turtles
  8 raiju (Abyss:1)
  8 blink frogs
  4 wind drakes
  2 deep troll zombies (D:15)
  5 hornets
  A stone giant simulacrum (Vaults:4)
  A centaur simulacrum (D:14)
  2 ynoxinuls (Abyss:1)
  18 slime creatures
  A redback (Vaults:3)
  4 spriggans
  2 wraiths
  15 water elementals
  2 shadows
  2 wyverns
  74 yaks
  2 vampires
  An air elemental (Elf:1)
  4 fire elementals
  A tarantella (shapeshifter) (Depths:4)
  Grum (D:8)
  2 fire bats (Shoals:2)
  A human (shapeshifter) (Depths:3)
  2 basilisks
  A basilisk (shapeshifter) (Vaults:5)
  A tarantella (Vaults:3)
  3 hogs (D:15)
  2 hungry ghosts (Abyss:1)
  14 small abominations
  A human simulacrum (Vaults:4)
  3 neqoxecs (Abyss:1)
  A chaos spawn (Abyss:1)
  5 wargs
  A naga (shapeshifter) (Vaults:2)
  3 swamp worms (Gauntlet)
  38 nagas
  A soldier ant (D:14)
  3 acid dragons
  A soldier ant (shapeshifter) (Vaults:1)
  10 water moccasins
  70 orc warriors
  A water moccasin (shapeshifter) (Vaults:2)
  Duvessa (D:6)
  A floating eye (shapeshifter) (Vaults:4)
  4 floating eyes
  3 hell hounds (Abyss:1)
  9 porcupines
  A snapping turtle zombie (Abyss:1)
  Purgy (Sewer)
  A hornet zombie (D:11)
  4 sky beasts
  4 ice beasts
  3 black bears
  A human zombie (Vaults:4)
  An eye of draining (shapeshifter) (Depths:3)
  10 boggarts (Vaults:3)
  47 ogres
  6 phantoms
  An eye of draining (D:14)
  A wolf (shapeshifter) (Depths:4)
  16 centaurs
  An elf skeleton (Vaults:4)
  16 wolves
  10 crocodiles
  A crocodile (shapeshifter) (Depths:1)
  9 big kobolds
  14 bullfrogs
  A gnoll sergeant (D:11)
  An earth elemental (Elf:1)
  Dowan (D:6)
  A water moccasin zombie (D:7)
  3 scorpions
  13 wights
  15 killer bees (D:8)
  5 howler monkeys
  9 crimson imps
  A quasit (D:9)
  3 centaur zombies
  A bullfrog zombie (D:8)
  29 orc priests
  9 hounds
  4 jellies
  2 bullfrog skeletons (D:6)
  4 centaur skeletons
  6 iguanas
  21 orc wizards
  8 worker ants
  A killer bee zombie (D:7)
  A hound skeleton (D:9)
  Robin (D:2)
  11 adders
  4 gnolls (D:11)
  A howler monkey skeleton (D:9)
  A river rat (D:3)
  A river rat (shapeshifter) (Depths:4)
  4 shadow imps
  5 white imps
  An ufetubus (Abyss:1)
  3 worms
  2 dart slugs
  A leopard gecko (shapeshifter) (Vaults:5)
  3 leopard geckos
  146 orcs
  2 ball pythons
  6 giant cockroaches
  9 goblins
  11 hobgoblins
  33 jackals
  3 quokkas
  6 bats
  12 frilled lizards
  25 kobolds
  A leopard gecko zombie (D:9)
  A quokka zombie (D:5)
  2 rats
  A spectral orc (D:6)
  A butterfly (D:7)
  2 crawling corpses (Vaults:5)
  2 fungi
  2 lurking horrors (Abyss:1)
  3 plants
  8 tentacles
2182 creatures vanquished.

Vanquished Creatures (collateral kills)
  Urug (D:12)
  2 orc high priests (Orc:2)
  A shock serpent (Snake:2)
  A deep troll (Vaults:5)
  A salamander (Snake:2)
  A black mamba (Snake:2)
  A merfolk (Shoals:1)
  A troll (Orc:2)
  A hog (D:15)
  A warg (Orc:2)
  A naga (Snake:2)
  2 big kobolds (D:10)
  4 orc priests (Orc:2)
  An orc wizard (Orc:2)
  3 orcs (Orc:2)
  2 crawling corpses (Vaults:5)
24 creatures vanquished.

Vanquished Creatures (others)
  An orc warlord (Orc:2)
  A green draconian (Zot:1)
  A deep troll (Depths:3)
  2 ugly things (Depths:3)
  2 humans (D:15)
  A naga (Snake:4)
  A jackal (D:6)
  A ball python (D:6)
  10 fungi
  16 plants
  23 tentacles
  4 toadstools (D:2)
  A withered plant (D:15)
64 creatures vanquished.

Grand Total: 2270 creatures vanquished

Notes
Turn   | Place    | Note
-------+----------+-------------------------------------------
     0 | D:1      | Naeva the Minotaur Fighter began the quest for the Orb.
     0 | D:1      | Reached XP level 1. HP: 19/19 MP: 0/0
    99 | D:1      | Reached XP level 2. HP: 25/26 MP: 1/1
   363 | D:1      | You fall into a shaft and drop 1 floor!
   880 | D:1      | Reached XP level 3. HP: 28/31 MP: 2/2
  1218 | D:1      | Noticed a big kobold
  1218 | D:1      | Noticed a big kobold
  1218 | D:1      | Noticed a big kobold
  1228 | D:1      | Noticed a big kobold
  1316 | D:2      | Found an ornate altar of the Wu Jian Council.
  1329 | D:2      | Found a white marble altar of Elyvilon.
  1332 | D:2      | Found a radiant altar of Vehumet.
  1570 | D:3      | Found a glowing drain.
  1570 | D:3      | Noticed Robin
  1579 | Sewer    | Entered a sewer
  1645 | Sewer    | Noticed Purgy
  1659 | Sewer    | Killed Purgy
  1659 | Sewer    | Reached XP level 4. HP: 20/39 MP: 3/3
  1659 | Sewer    | Reached XP level 5. HP: 23/45 MP: 4/4
  1933 | D:3      | Gained mutation: You are dopey. (Int -2) [potion of
                  | mutation]
  1933 | D:3      | Gained mutation: You have sharp fingernails. [potion of
                  | mutation]
  1973 | D:2      | Lost mutation: You are dopey. (Int -2) [potion of mutation]
  1973 | D:2      | Lost mutation: You have sharp fingernails. [potion of
                  | mutation]
  1973 | D:2      | Gained mutation: You are frail. (-10% HP) [potion of
                  | mutation]
  1973 | D:2      | Gained mutation: You expend magic power (3 MP) to
                  | strengthen your wands. [potion of mutation]
  2403 | D:2      | Killed Robin
  2696 | D:3      | Noticed a phantom
  2728 | D:3      | Killed a phantom
  2728 | D:3      | Reached XP level 6. HP: 31/45 MP: 5/5
  3343 | D:4      | Found a staircase to the Ecumenical Temple.
  3348 | Temple   | Entered the Ecumenical Temple
  3356 | Temple   | Became a worshipper of Warmaster Okawaru
  4214 | D:5      | Entered Level 5 of the Dungeon
  4316 | D:5      | Reached * piety under Okawaru
  4316 | D:5      | Reached XP level 7. HP: 27/51 MP: 6/6
  4550 | D:5      | Reached skill level 10 in Maces & Flails
  5133 | D:5      | Reached XP level 8. HP: 57/57 MP: 7/7
  5280 | D:6      | Noticed Pikel
  5317 | D:5      | Killed Pikel
  5573 | D:6      | Reached ** piety under Okawaru
  5623 | D:6      | Found a sacrificial altar of Ru.
  5904 | D:6      | Found a basalt altar of Yredelemnul.
  6002 | D:6      | Reached XP level 9. HP: 60/63 MP: 8/8
  6040 | D:6      | Noticed Duvessa
  6047 | D:6      | Noticed Dowan
  6052 | D:6      | Killed Duvessa
  6062 | D:6      | Killed Dowan
  6062 | D:6      | Reached *** piety under Okawaru
  6227 | D:6      | Reached skill level 5 in Armour
  6716 | D:7      | Found a shimmering altar of Xom.
  6928 | D:7      | Lost mutation: You are frail. (-10% HP) [potion of
                  | mutation]
  6928 | D:7      | Lost mutation: You expend magic power (3 MP) to strengthen
                  | your wands. [potion of mutation]
  6928 | D:7      | Gained mutation: You expend magic power (3 MP) to
                  | strengthen your wands. [potion of mutation]
  6928 | D:7      | Gained mutation: You are agile. (Dex +2) [potion of
                  | mutation]
  7041 | D:7      | Found a shadowy altar of Dithmenos.
  7059 | D:7      | Reached skill level 5 in Shields
  7062 | D:7      | Reached **** piety under Okawaru
  7709 | D:8      | Reached XP level 10. HP: 74/77 MP: 9/9
  7766 | D:8      | Noticed Grum
  7778 | D:8      | Killed Grum
  7784 | D:8      | Reached ***** piety under Okawaru
  8172 | D:8      | Noticed a two-headed ogre
  8182 | D:8      | Killed a two-headed ogre
  8182 | D:8      | Reached skill level 10 in Shields
  8568 | D:9      | Found Niokoago's General Store.
  8573 | D:9      | Bought a scroll of teleportation for 51 gold pieces
  8573 | D:9      | Bought a scroll of enchant armour for 127 gold pieces
  8967 | D:9      | Received a gift from Okawaru
  9190 | D:9      | Reached XP level 11. HP: 52/82 MP: 10/10
  9953 | D:10     | Entered Level 10 of the Dungeon
 10144 | D:10     | Found a runed translucent gate.
 10150 | D:10     | Found a runed translucent gate.
 10154 | D:10     | Noticed centipede's ghost (journeyman DrWz)
 10155 | D:10     | Found a runed translucent gate.
 10160 | D:10     | Identified the +10 dagger "Ricauh" {drain, rF+ Int+6}
 10819 | D:11     | Noticed a red ugly thing
 10829 | D:11     | Killed a red ugly thing
 10829 | D:11     | Received a gift from Okawaru
 10932 | D:11     | Found a gate leading to a gauntlet.
 10939 | Gauntlet | Entered a Gauntlet
 10939 | Gauntlet | Found a transporter.
 10939 | Gauntlet | Found a transporter.
 10941 | Gauntlet | Noticed a soul eater
 10949 | Gauntlet | Found a transporter.
 10953 | Gauntlet | Found a transporter.
 10961 | Gauntlet | Found a transporter.
 10965 | Gauntlet | Found a transporter.
 10973 | Gauntlet | Found a transporter.
 10988 | Gauntlet | Found a runed translucent gate.
 10989 | Gauntlet | Found a transporter.
 10989 | Gauntlet | Found a runed translucent gate.
 10990 | Gauntlet | Found a runed translucent gate.
 10991 | Gauntlet | Noticed a reaper
 11003 | Gauntlet | Found a transporter.
 11007 | Gauntlet | Found a transporter.
 11008 | Gauntlet | Noticed a sixfirhy
 11015 | Gauntlet | Found a transporter.
 11019 | Gauntlet | Found a transporter.
 11509 | Gauntlet | Identified the ring "Jatian" {rPois EV+5 Str+4}
 11509 | Gauntlet | Noticed a minotaur
 11514 | Gauntlet | Killed a minotaur
 11514 | Gauntlet | Reached skill level 15 in Shields
 11675 | D:11     | Reached ****** piety under Okawaru
 11675 | D:11     | Reached skill level 1 in Dodging
 11932 | D:11     | Reached skill level 5 in Fighting
 11933 | D:11     | Found a staircase to the Lair.
 12176 | D:11     | Noticed a purple ugly thing
 12188 | D:11     | Killed a purple ugly thing
 12298 | D:12     | Noticed a rakshasa
 12325 | D:11     | Killed a rakshasa
 12325 | D:11     | Reached XP level 12. HP: 64/97 MP: 11/11
 12498 | D:12     | Noticed Urug
 12509 | D:12     | Killed Urug
 12509 | D:12     | Reached skill level 5 in Dodging
 12635 | D:12     | Found Ifiwis's Weapon Emporium.
 12664 | D:12     | Found a staircase to the Orcish Mines.
 12740 | D:12     | Received a gift from Okawaru
 12741 | D:12     | Got a warped great mace {god gift}
 12752 | D:12     | Identified the +1 great mace of the Ghost {crush, rN+}
                  | (Okawaru gifted it to you on level 12 of the Dungeon)
 13098 | D:12     | Found a runed translucent gate.
 13098 | D:12     | Identified the cursed +0 chain mail of the Morning {rElec}
 13098 | D:12     | Noticed collin38's ghost (journeyman MiBe)
 13117 | D:12     | Found a runed translucent gate.
 13118 | D:12     | Found a runed translucent gate.
 13122 | D:12     | Found a roughly hewn altar of Beogh.
 13271 | D:13     | Noticed Jorgrun
 13271 | D:13     | Noticed a two-headed ogre
 13311 | Lair:1   | Entered Level 1 of the Lair of Beasts
 13412 | Lair:1   | Noticed a seven-headed hydra
 13421 | Lair:1   | Killed a seven-headed hydra
 13497 | Lair:1   | Noticed an eight-headed hydra
 13505 | Lair:1   | Killed an eight-headed hydra
 13505 | Lair:1   | Reached skill level 10 in Fighting
 13621 | Lair:1   | Reached skill level 1 in Evocations
 13700 | Lair:1   | Noticed Nergalle
 13736 | Lair:1   | Killed Nergalle
 14125 | Lair:2   | Noticed Harold
 14144 | Lair:1   | Killed Harold
 14182 | Lair:2   | Reached skill level 5 in Evocations
 14189 | Lair:2   | Received a gift from Okawaru
 14189 | Lair:2   | Reached skill level 1 in Invocations
 14204 | Lair:2   | Got a smelly chain mail {god gift}
 14260 | Lair:1   | Identified the +1 chain mail "Wili" {rN+ Regen+ Dex-4}
                  | (Okawaru gifted it to you on level 2 of the Lair of Beasts)
 14570 | Lair:2   | Found a runed translucent door.
 14683 | Lair:2   | Found a staircase to the Shoals.
 14715 | Lair:2   | Found a staircase to the Snake Pit.
 14787 | Lair:2   | Noticed Elebi's ghost (journeyman DrTm)
 14787 | Lair:2   | Noticed a four-headed hydra
 15083 | Lair:2   | Killed Elebi's ghost
 15083 | Lair:2   | Reached skill level 5 in Invocations
 15083 | Lair:2   | Reached XP level 13. HP: 113/113 MP: 15/15
 15090 | Lair:2   | Got a shimmering copper ring
 15099 | Lair:2   | Identified the ring "Woke" {rPois Str-3 Int+4 Dex+2} (You
                  | found it on level 2 of the Lair of Beasts)
 15348 | Lair:3   | Reached skill level 10 in Armour
 15819 | Lair:4   | Found a basalt altar of Yredelemnul.
 15864 | Lair:4   | Received a gift from Okawaru
 17500 | Lair:6   | Entered Level 6 of the Lair of Beasts
 17799 | Lair:6   | Received a gift from Okawaru
 17868 | Lair:6   | Reached XP level 14. HP: 125/129 MP: 16/16
 18101 | Lair:6   | Received a gift from Okawaru
 18499 | Lair:6   | Reached skill level 15 in Fighting
 18565 | Lair:6   | Found a staircase to the Slime Pits.
 18566 | Lair:6   | Found a viscous altar of Jiyva.
 18946 | D:10     | Killed centipede's ghost
 19051 | Orc:1    | Entered Level 1 of the Orcish Mines
 19172 | Orc:2    | Entered Level 2 of the Orcish Mines
 19889 | Lair:6   | Got a pair of faintly humming boots
 19895 | Lair:6   | Identified the +2 pair of boots of Ennui {rPois rN+++ Dex-2
                  | Stlth+} (You found it on level 6 of the Lair of Beasts)
 20123 | Orc:2    | Received a gift from Okawaru
 20346 | Orc:2    | Found a roughly hewn altar of Beogh.
 20504 | Orc:2    | Found Rosibrid's Jewellery Boutique.
 20516 | Orc:2    | Bought a cursed ring of teleportation for 67 gold pieces
 20516 | Orc:2    | Bought a cursed ring of attention for 67 gold pieces
 20524 | Orc:2    | Found Kalas's Weapon Shop.
 20524 | Orc:2    | Noticed a stone giant
 20534 | Orc:2    | Killed a stone giant
 21100 | Orc:2    | Found a staircase to the Elven Halls.
 21219 | Orc:2    | Noticed an orc warlord
 21253 | Orc:2    | Killed an orc warlord
 21358 | Orc:2    | Reached XP level 15. HP: 141/141 MP: 19/19
 21391 | Orc:2    | Found Quseos's Food Shop.
 21422 | Orc:2    | Found a roughly hewn altar of Beogh.
 21441 | Orc:2    | Found Ceonwo's General Store.
 21892 | D:12     | Killed collin38's ghost
 21986 | D:12     | Got a fine hat
 21997 | D:12     | Identified the +0 hat "Inuixa" {rF- rC+++ rN+ Int-3} (You
                  | found it on level 12 of the Dungeon)
 21997 | D:12     | Lost intelligence.
 22188 | D:13     | You fall into a shaft and drop 1 floor!
 22302 | D:13     | Killed Jorgrun
 22304 | D:13     | Reached skill level 15 in Armour
 23352 | D:14     | Received a gift from Okawaru
 23673 | D:14     | Reached skill level 10 in Dodging
 23820 | D:14     | Received a gift from Okawaru
 23968 | D:14     | Found a gate to the Vaults.
 24416 | D:15     | Entered Level 15 of the Dungeon
 24443 | D:15     | Noticed Roxanne
 24457 | D:15     | Found a staircase to the Depths.
 24951 | D:15     | Noticed Kirke
 24964 | D:15     | Killed Kirke
 25060 | D:15     | Noticed Nessos
 25076 | D:15     | Killed Nessos
 25509 | D:15     | Received a gift from Okawaru
 25510 | D:15     | Got a jewelled hat {god gift}
 25550 | D:15     | Identified the +2 hat of Curiosity {rC+ Dex+4} (Okawaru
                  | gifted it to you on level 15 of the Dungeon)
 26023 | D:15     | Noticed Agnes
 26056 | D:15     | Killed Agnes
 26056 | D:15     | Reached XP level 16. HP: 136/152 MP: 20/20
 26238 | D:15     | Killed Roxanne
 26414 | Depths:1 | Entered Level 1 of the Depths
 26414 | Depths:1 | Found Irei's Food Shop.
 26534 | Depths:1 | Found a one-way gate to the infinite horrors of the Abyss.
 26620 | Depths:1 | Got a bound ruby amulet
 26621 | Depths:1 | Identified the amulet of the Two Names {+Rage Slay+5} (You
                  | found it on level 1 of the Depths)
 27413 | Depths:1 | Found a gateway to Hell.
 27881 | Depths:1 | Received a gift from Okawaru
 28164 | Snake:1  | Entered Level 1 of the Snake Pit
 28799 | Snake:1  | You fall into a shaft and drop 1 floor!
 29321 | Snake:2  | Received a gift from Okawaru
 29322 | Snake:2  | Got a warped ring mail {god gift}
 29343 | Snake:1  | Identified the +5 ring mail "Iwiant" {rElec Regen+ Str-2
                  | Int+4} (Okawaru gifted it to you on level 2 of the Snake
                  | Pit)
 29654 | Snake:2  | Reached skill level 10 in Evocations
 29665 | Snake:2  | Noticed Aizul
 29678 | Snake:2  | Killed Aizul
 29687 | Snake:2  | Reached XP level 17. HP: 161/161 MP: 3/23
 29697 | Snake:2  | Noticed Asterion
 29721 | Snake:2  | Killed Asterion
 30606 | Snake:3  | Received a gift from Okawaru
 31068 | Shoals:1 | Entered Level 1 of the Shoals
 31164 | Shoals:1 | Found Qur Myrai's Jewellery Boutique.
 31350 | Shoals:1 | Received a gift from Okawaru
 31356 | Shoals:1 | Got a pair of faintly humming boots {god gift}
 31410 | Shoals:1 | Identified the +0 pair of boots "Fitokhaa" {rElec rN+}
                  | (Okawaru gifted it to you on level 1 of the Shoals)
 31535 | Shoals:1 | Bought an uncursed ring of see invisible for 180 gold
                  | pieces
 31765 | Shoals:1 | Noticed a kraken
 31960 | Shoals:1 | Noticed Louise
 31964 | Shoals:1 | Noticed Louise
 31964 | Shoals:1 | Louise changed into Louise the great orb of eyes
 31966 | Shoals:1 | Killed Louise the great orb of eyes
 32249 | Shoals:2 | Noticed Ilsuiw
 32342 | Shoals:1 | Killed Ilsuiw
 32484 | Shoals:2 | Identified the +7 great sword of Watchfulness {drain, rN+
                  | Dex+4 SInv}
 32648 | Shoals:2 | Noticed Polyphemus
 32672 | Shoals:2 | Killed Polyphemus
 32873 | Shoals:2 | Identified a scroll of acquirement
 32877 | Shoals:2 | Got a fine shield
 32878 | Shoals:2 | Identified the -7 shield of the Eternal Void {-Tele MP+9
                  | Str+6} (You acquired it on level 2 of the Shoals)
 33328 | Shoals:3 | Noticed a kraken
 33519 | Shoals:3 | Received a gift from Okawaru
 33520 | Shoals:3 | Got a steaming chain mail {god gift}
 33521 | Shoals:3 | Identified the +6 chain mail of the Blessed Realm {Int+4}
                  | (Okawaru gifted it to you on level 3 of the Shoals)
 33647 | Shoals:3 | Reached XP level 18. HP: 109/172 MP: 24/24
 33863 | Shoals:3 | Found Ykhlism's Jewellery Emporium.
 35282 | Depths:2 | Noticed a lich
 35408 | Depths:2 | Received a gift from Okawaru
 35433 | Depths:2 | Paralysed by a floating eye for 2 turns
 35600 | Depths:2 | Killed a lich
 35761 | Depths:2 | Found Alusamom's Distillery.
 35769 | Depths:2 | Bought a potion of might for 68 gold pieces
 35769 | Depths:2 | Bought a potion of might for 68 gold pieces
 35870 | Depths:2 | Noticed a tentacled monstrosity
 35879 | Depths:2 | Killed a tentacled monstrosity
 35985 | Depths:2 | Noticed a caustic shrike
 35996 | Depths:2 | Killed a caustic shrike
 36029 | Depths:2 | Received a gift from Okawaru
 36045 | Depths:2 | Got a steaming buckler {god gift}
 36046 | Depths:2 | Identified the +0 buckler "Komp" {rC++ Regen+ Str-2}
                  | (Okawaru gifted it to you on level 2 of the Depths)
 36059 | Depths:2 | Noticed a golden dragon
 36068 | Depths:2 | Killed a golden dragon
 36081 | Depths:2 | Noticed a caustic shrike
 36095 | Depths:2 | Killed a caustic shrike
 36574 | Depths:3 | Got a transparent chain mail
 36575 | Depths:3 | Identified the +1 chain mail of Woerobui {MR- Dex+7} (You
                  | found it on level 3 of the Depths)
 36710 | Depths:3 | Reached XP level 19. HP: 134/185 MP: 25/25
 37270 | Depths:3 | Got a twisted chain mail
 37319 | Depths:3 | Identified the +2 chain mail of Hatirei {Int-5 Dex+4 SInv}
                  | (You found it on level 3 of the Depths)
 37412 | Depths:3 | Found a gateway to a ziggurat.
 37551 | Depths:3 | Received a gift from Okawaru
 37780 | Depths:3 | Found Eloxt's Jewellery Boutique.
 37907 | Depths:3 | Found a one-way gate leading to the halls of Pandemonium.
 38084 | Depths:3 | Got a translucent ring mail {god gift}
 38157 | Depths:3 | Identified the +0 ring mail "Goadan" {+Fly Str+5 Stlth+}
                  | (Okawaru gifted it to you on level 3 of the Depths)
 38467 | Depths:4 | Noticed a caustic shrike
 38467 | Depths:4 | Noticed a caustic shrike
 38468 | Depths:4 | Noticed a juggernaut
 38469 | Depths:4 | Noticed a caustic shrike
 38502 | Depths:4 | Noticed a caustic shrike
 38516 | Depths:3 | Killed a caustic shrike
 38732 | Depths:3 | Killed a caustic shrike
 38860 | Depths:3 | Killed a juggernaut
 38882 | Depths:3 | Killed a caustic shrike
 38891 | Depths:3 | Killed a caustic shrike
 38891 | Depths:3 | Received a gift from Okawaru
 39208 | Depths:4 | Reached XP level 20. HP: 186/199 MP: 26/26
 39515 | Depths:4 | Noticed a golden dragon
 39540 | Depths:4 | Killed a golden dragon
 39540 | Depths:4 | Received a gift from Okawaru
 39562 | Depths:4 | Noticed the Enchantress
 39618 | Depths:4 | Noticed Saint Roka
 39629 | Depths:4 | Found an ornate altar of the Wu Jian Council.
 39629 | Depths:4 | Found a hide-covered altar of Uskayaw.
 39631 | Depths:4 | Found a hazy altar of Hepliaklqana.
 40226 | Depths:3 | Killed Saint Roka
 40506 | Depths:4 | Received a gift from Okawaru
 40892 | Depths:4 | Noticed a caustic shrike
 40909 | Depths:4 | Killed a caustic shrike
 40942 | Depths:4 | Killed the Enchantress
 41163 | Depths:4 | Paralysed by a floating eye for 3 turns
 41174 | Depths:4 | Noticed a golden dragon
 41174 | Depths:4 | Paralysed by a floating eye for 3 turns
 41198 | Depths:4 | Killed a golden dragon
 41198 | Depths:4 | Received a gift from Okawaru
 41209 | Depths:4 | Paralysed by a floating eye for 2 turns
 41251 | Depths:4 | Reached XP level 21. HP: 208/210 MP: 27/27
 41260 | Depths:4 | Noticed a golden dragon
 41282 | Depths:4 | Killed a golden dragon
 41339 | Depths:4 | Identified the Tome of the Ensnaring Traveller
 41454 | Depths:5 | Entered Level 5 of the Depths
 42202 | Depths:5 | Received a gift from Okawaru
 42207 | Depths:5 | Got a faintly glowing ring mail {god gift}
 42212 | Depths:5 | Identified the +4 ring mail of Maom {+Inv rC- Str+6}
                  | (Okawaru gifted it to you on level 5 of the Depths)
 42593 | Depths:5 | Noticed a golden dragon
 42596 | Depths:5 | Found a gate to the Realm of Zot.
 42611 | Depths:5 | Killed a golden dragon
 43327 | Snake:4  | Entered Level 4 of the Snake Pit
 43504 | Snake:4  | Noticed Donald
 43508 | Snake:4  | Killed Donald
 43882 | Snake:4  | Found Vitykkud's Gadget Boutique.
 43882 | Snake:4  | Found Jontojun's Jewellery Shoppe.
 43883 | Snake:4  | Found Quopnin's Gadget Boutique.
 43888 | Snake:4  | Bought a wand of clouds (6) for 330 gold pieces
 44375 | Snake:4  | Received a gift from Okawaru
 44394 | Snake:4  | Noticed Vashnia
 44470 | Snake:4  | Killed Vashnia
 44470 | Snake:4  | Reached XP level 22. HP: 65/224 MP: 14/28
 45029 | Snake:4  | Got a serpentine rune of Zot
 45350 | Vaults:1 | Entered Level 1 of the Vaults
 46501 | Vaults:2 | Paralysed by a sphinx for 7 turns
 46660 | Vaults:2 | Received a gift from Okawaru
 48053 | Vaults:3 | Found a staircase to the Crypt.
 48053 | Vaults:3 | Found an ancient bone altar of Kikubaaqudgha.
 48054 | Vaults:3 | Found a basalt altar of Yredelemnul.
 48807 | Vaults:3 | Paralysed by a sphinx for 4 turns
 48828 | Vaults:3 | Received a gift from Okawaru
 48839 | Vaults:3 | Reached XP level 23. HP: 219/237 MP: 29/29
 49217 | Vaults:3 | Identified a +1 pair of boots of running (Okawaru gifted it
                  | to you on level 3 of the Vaults)
 50367 | Vaults:4 | Found Bupaur Wiat's Gadget Emporium.
 50721 | Vaults:4 | Reached skill level 27 in Fighting
 50721 | Vaults:4 | Reached skill level 27 in Armour
 50846 | Vaults:4 | Received a gift from Okawaru
 50916 | Vaults:4 | Noticed Boris
 50936 | Vaults:4 | Killed Boris
 51453 | Elf:1    | Entered Level 1 of the Elven Halls
 51504 | Elf:1    | Found Oxzei's Book Shoppe.
 51525 | Elf:1    | Reached skill level 15 in Dodging
 52203 | Elf:2    | Found a shimmering blue altar of Sif Muna.
 52628 | Elf:2    | Received a gift from Okawaru
 52629 | Elf:2    | Got a shimmering hunting sling {god gift}
 52634 | Elf:2    | Identified the +1 hunting sling of Bir Voag {flame, Dex+3}
                  | (Okawaru gifted it to you on level 2 of the Elven Halls)
 52834 | Elf:2    | Found the +2 pair of boots of the Assassin {Detection Stab+
                  | Stlth++}
 52865 | Elf:2    | Found a huge runed translucent gate.
 52865 | Elf:2    | Found a huge runed translucent gate.
 52865 | Elf:2    | Found a huge runed translucent gate.
 52865 | Elf:2    | Found a huge runed translucent gate.
 52868 | Elf:2    | Found a huge runed translucent gate.
 53357 | Shoals:4 | Entered Level 4 of the Shoals
 53467 | Shoals:4 | Reached XP level 24. HP: 192/249 MP: 29/29
 53490 | Shoals:4 | Learned a level 2 spell: Swiftness
 53497 | Shoals:4 | Got a barnacled rune of Zot
 53716 | Shoals:4 | Got a bound bronze ring
 53717 | Shoals:4 | Identified the ring of Starshine {Wiz +Blink} (You found it
                  | on level 4 of the Shoals)
 53749 | Shoals:4 | Reached skill level 1 in Air Magic
 53753 | Shoals:4 | Reached skill level 1 in Charms
 53786 | Shoals:4 | Found Foifus's Assorted Antiques.
 53841 | Shoals:4 | Identified the Collected Works on Fire
 54955 | Depths:1 | Voluntarily entered the Abyss.
 55594 | Abyss:1  | Reached skill level 1 in Spellcasting
 55910 | Abyss:1  | Received a gift from Okawaru
 55911 | Abyss:1  | Got a twisted quarterstaff {god gift}
 55947 | Depths:1 | Escaped the Abyss
 56194 | Vaults:5 | Entered Level 5 of the Vaults
 56768 | Vaults:5 | Received a gift from Okawaru
 56769 | Vaults:5 | Got a scorched crystal plate armour {god gift}
 56842 | Vaults:5 | Reached skill level 5 in Air Magic
 56892 | Vaults:5 | Reached skill level 5 in Charms
 56907 | Vaults:5 | Identified the +5 hunting sling of Ogrymouj {venom, Str-5
                  | Int+5}
 56981 | Vaults:5 | HP: 11/249 [titan/bolt of lightning (35)]
 57509 | Vaults:5 | Got a silver rune of Zot
 57591 | Vaults:5 | Found Hufis's Jewellery Shop.
 57599 | Vaults:5 | Noticed Frederick
 58152 | Vaults:5 | Killed Frederick
 58287 | Vaults:5 | Reached XP level 25. HP: 235/257 MP: 29/29
 58312 | Vaults:5 | Reached skill level 5 in Spellcasting
 58714 | Vaults:5 | Identified the +1 leather armour of the Clam {Str+3}
 58831 | Vaults:4 | Received a gift from Okawaru
 59367 | Vaults:5 | Received a gift from Okawaru
 59608 | Vaults:5 | Identified the +1 crystal plate armour of Life {rC++ MR+
                  | Regen+ Dex-4} (Okawaru gifted it to you on level 5 of the
                  | Vaults)
 59684 | Vaults:5 | Learned a level 2 spell: Song of Slaying
 59946 | Vaults:5 | Found Bosith's Jewellery Boutique.
 60468 | Zot:1    | Entered Level 1 of the Realm of Zot
 60766 | Zot:1    | Reached skill level 10 in Air Magic
 61420 | Zot:1    | You fall into a shaft and drop 1 floor!
 61457 | Zot:2    | Killed from afar by a green draconian knight

Levels and vault maps discovered:
D:1:      erik_arrival_cave_to_civilisation [erik_arrival_cave_to_temple],
          layout_basic
D:2:      layout_basic, grunt_temple_overflow_open, first_ration,
          minmay_gold_behind_fungi, minivault_14, kennysheep_nondescript
D:3:      layout_basic, cheibrodos_sewer_entry_sluice, uniq_robin
D:4:      layout_basic, temple_statues
D:5:      layout_loops_ring
D:6:      layout_basic, yredelemnul_forgotten_temple_becter,
          nicolae_ru_awakened_eye, uniq_pikel, uniq_duvessa
D:7:      layout_loops_cross, xom_butterflies, kennysheep_little_box
D:8:      layout_basic, dk_noncrumbling_2, david_nohive_1, uniq_grum
D:9:      layout_stronghold, serial_shops, shop
D:10:     layout_loops_corners, gammafunk_ghost_nasty_kobolds
D:11:     layout_roguey, due_lair_maze_entry_diamond,
          portal_ice_cave_demonic_guard, gauntlet_entry_generic
D:12:     layout_irregular_city, orc_david_3, biasface_ghost_orc_armoury,
          minmay_misc_feat_rows, grunt_decor_one_mirror, uniq_urug
D:13:     layout_basic, serial_co_window_serial, co_window_of_opportunity_a,
          co_window_corner_a, co_window_paths_a, co_window_of_opportunity_a,
          co_window_corner_a, co_window_2corner, co_window_broadway_c,
          co_window_of_opportunity_c, co_window_2corner, co_window_2corner,
          co_window_cross_2, co_window_paths_e, glass_columns_a,
          glass_columns_b, glass_columns_c, uniq_jorgrun
D:14:     layout_loops_ring, erik_vaults_2, roderic_roman_lattice
D:15:     gammafunk_depths_entry_grave, layout_loops_ring, laboratory,
          uniq_nessos, uniq_kirke, uniq_roxanne, uniq_agnes
Temple:   nicolae_temple_x_marks_the_god
Lair:1:   layout_loops_ring, chequers_serial_rivers_micro_b,
          infiniplex_staircase_pool, uniq_nergalle
Lair:2:   layout_chaotic_city, minmay_shoals_entry_hut,
          minmay_snake_entry_guardpost_large, ebering_ghost_inner_flame,
          uniq_harold
Lair:3:   layout_long_grid
Lair:4:   layout_regular_city, basic_altar, minmay_lair_drake_nest,
          serial_bayou_shore_a
Lair:5:   layout_cave_pods
Lair:6:   grunt_lair_end_beastmaster, layout_small_grid, slime_altar_1,
          grunt_megastairs_5
Shoals:1: layout_shoals, serial_shops, shop_fountains, st_sunken_huts,
          uniq_louise
Shoals:2: layout_shoals, hangedman_shoal_volcano, uniq_ilsuiw, uniq_polyphemus
Shoals:3: layout_shoals, serial_shops,
          nicolae_shop_temple_entry_statues_fountains,
          nicolae_shoals_cliffside_cave
Shoals:4: shoals_end_grunt_ice, layout_shoals, shoals_ilsuiw_ice, serial_shops,
          shop
Snake:1:  layout_concentric_octagons
Snake:2:  layout_honeycomb, drop_trap, uniq_aizul, uniq_asterion
Snake:3:  layout_cave_town, nicolae_snake_serpentine_hallways
Snake:4:  snake_pit, layout_basic, minmay_shop_grove, uniq_donald, uniq_vashnia
Orc:1:    layout_caves
Orc:2:    pubby_orc_utopia
Elf:1:    layout_geoelf_octagon, serial_shops, shop, minivault_28
Elf:2:    layout_geoelf_octagon, basic_altar
Vaults:1: nicolae_vaults_border_crossing, v_misc_9, vaults_room_corners,
          nicolae_vaults_stairing_the_circle, vaults_dpeg_cross,
          grunt_vaults_hallway_short, ontoclasm_vaults_gateway,
          nicolae_vaults_little_ls, vaults_standard_mumra_enter_the_diamond,
          v_misc_11, ontoclasm_vaults_ring_small, nicolae_vaults_specimen_jars,
          nicolae_vaults_little_squares_5, ontoclasm_vaults_pinch,
          layout_vaults_ring
Vaults:2: nicolae_vaults_diagonal_hallway_6, ontoclasm_vaults_twist,
          vaults_room_hangedman_quadrants, vaults_dpeg_hooks, v_misc_31,
          ontoclasm_vaults_spin, vaults_standard_mumra_lines,
          layout_vaults_omnigrid
Vaults:3: v_misc_17, v_pattern_5, minmay_crypt_entry_necro_gods, v_misc_16,
          ontoclasm_vaults_tryst, dpeg_vaults_pockets_of_resistance,
          nicolae_vaults_arrows, v_misc_23, vaults_dpeg_encased_lava,
          grunt_vaults_swirl, layout_vaults_omnicross
Vaults:4: vaults_standard_mumra_x, nicolae_vaults_network_quincunx
          [nicolae_vaults_network_quincunx_subvault,
          nicolae_vaults_network_quincunx_subvault,
          nicolae_vaults_network_quincunx_subvault,
          nicolae_vaults_network_quincunx_subvault,
          nicolae_vaults_network_quincunx_subvault], ontoclasm_vaults_shuriken,
          vaults_mumra_chevron, hangedman_vaults_locks, hangedman_vaults_hat,
          hangedman_vaults_trim, hangedman_vaults_capsules,
          hangedman_vaults_stretched_pinwheel, grunt_vaults_diagonal,
          layout_vaults_maze_bifur, serial_shops, nicolae_shop_stone, uniq_boris
Vaults:5: serial_shops, uniq_frederick
Depths:1: layout_roguey, abyss_entry, hellmouth_1, serial_shops, shop,
          nicolae_wwwww, minmay_holes, minmay_tree_intersection,
          minmay_shattered_shrine
Depths:2: kennysheep_large_spiral, layout_cave_pools, hell_entry,
          nrook_mini_vaults, nicolae_abyss_entry_one_way_or_another,
          minmay_shop_star
Depths:3: minmay_the_grid_square_5x5_4x4_mashed
          [minmay_the_grid_square_5x5_two_small,
          minmay_the_grid_square_5x5_three_walls,
          minmay_the_grid_square_5x5_two_walls_b,
          minmay_the_grid_square_5x5_six_small, minmay_the_grid_square_5x5_two,
          minmay_the_grid_square_5x5_prize_rear_guard,
          minmay_the_grid_square_5x5_prize_junk,
          minmay_the_grid_square_5x5_longway,
          minmay_the_grid_square_5x5_minivault,
          minmay_the_grid_square_5x5_prize_open,
          minmay_the_grid_square_5x5_prize_waves, minmay_the_grid_square_5x5_v,
          minmay_the_grid_square_5x5_sharp_hourglass,
          minmay_the_grid_square_5x5_tetrominoes,
          minmay_the_grid_square_5x5_bracketed,
          minmay_the_grid_square_5x5_lines], layout_gridville, enter_ziggurat_b,
          rand_demon_pan_entry_1, hangedman_decor_diamond_cutter, serial_shops,
          shop, pf_vacation_house_of_asmodeus, abyss_entry_small_statue_room,
          lemuel_flames_and_gold
Depths:4: hangedman_slaughterboxes, hell_entry, abyss_entry, uniq_saint_roka,
          uniq_enchantress
Depths:5: grunt_zot_entry_tricorne, layout_basic, hell_entry
Zot:1:    layout_gridlike, hangedman_spider_trapstep
Zot:2:    layout_gridlike

Skill      XL: |  1  2  3  4  5  6  7  8  9 10 11 12 13 14 15 16 17 18 19 20 21 22 23 24 25 |
---------------+----------------------------------------------------------------------------+-----
Maces & Flails | 3 4 6 7 9 11 13 14 | 14.0
Armour         | 8 12 13 16 17 18 20 21 23 24 26 27 | 27.0
Shields        | 7 12 15 | 15.1
Fighting       | 6 10 13 15 16 17 18 20 21 23 24 26 27 | 27.0
Dodging        | 4 5 8 10 14 16 17 | 17.0
Evocations     | 5 10 | 10.0
Invocations    | 5 7 |  7.0
Air Magic      | 6 10 | 10.0
Charms         | 6 8 |  8.0
Spellcasting   | 4 7 |  7.3

Action                   |  1- 3 |  4- 6 |  7- 9 | 10-12 | 13-15 | 16-18 | 19-21 | 22-24 | 25-27 || total
-------------------------+-------+-------+-------+-------+-------+-------+-------+-------+-------++-------
Melee: Flail             |    96 |    57 |       |       |       |       |       |       |       ||   153
       Headbutt          |    16 |    27 |    73 |   291 |   582 |   455 |   517 |   788 |   195 ||  2944
       Spear             |    15 |       |       |       |       |       |       |       |       ||    15
       Mace              |       |    85 |   364 |   774 |       |       |       |       |       ||  1223
       Demon whip        |       |       |       |   199 |  1763 |  1181 |  1213 |  1885 |   478 ||  6719
       Unarmed           |       |       |       |       |     3 |       |       |       |       ||     3
Throw: Javelin           |       |       |       |     2 |       |       |       |       |       ||     2
 Cast: Swiftness         |       |       |       |       |       |       |       |     1 |     1 ||     2
       Song of Slaying   |       |       |       |       |       |       |       |       |     1 ||     1
Invok: Heroism           |       |       |       |       |       |       |     1 |       |       ||     1
       Finesse           |       |       |       |       |       |       |       |       |     2 ||     2
 Abil: Evoke Berserk Rag |       |       |       |       |       |     1 |     1 |       |       ||     2
Evoke: Wand              |       |       |     5 |    16 |    24 |    39 |     6 |     2 |     4 ||    96
       Phial of floods   |       |       |       |     1 |     4 |     6 |     1 |     1 |     1 ||    14
       Sack of spiders   |       |       |       |     3 |     8 |       |       |       |       ||    11
       Phantom mirror    |       |       |       |       |     1 |       |       |       |       ||     1
       Lamp of fire      |       |       |       |       |       |     3 |     3 |     4 |       ||    10
  Use: Scroll            |     5 |     2 |     1 |    19 |     7 |    17 |    15 |    21 |     3 ||    90
       Potion            |     1 |     5 |     1 |     6 |     1 |     2 |     2 |       |     4 ||    22
 Stab: Paralysed         |       |       |     4 |     4 |     1 |       |       |       |       ||     9
       Distracted        |       |       |       |     1 |     1 |     1 |     1 |       |       ||     4
       Petrified         |       |       |       |       |    27 |       |       |       |       ||    27
       Sleeping          |       |       |       |       |       |     2 |       |       |       ||     2
  Eat: Chunk             |     2 |     5 |    12 |    20 |    22 |    19 |    21 |    29 |     4 ||   134
       Ration            |       |     1 |       |     1 |     4 |     5 |     2 |     4 |     2 ||    19
Armor: Scale mail        |    56 |    56 |     4 |       |       |       |       |       |       ||   116
       Plate armour      |       |       |   129 |   254 |   170 |       |       |       |       ||   553
       Chain mail        |       |       |       |       |    69 |    40 |       |       |       ||   109
       Ring mail         |       |       |       |       |       |   107 |    46 |       |       ||   153
       Gold dragon scale |       |       |       |       |       |       |   180 |   431 |   185 ||   796
Dodge: Dodged            |    35 |    52 |    41 |   194 |   472 |   558 |   530 |   727 |   281 ||  2890
Block: Shield            |    49 |    57 |   115 |   499 |   801 |   550 |   618 |  1027 |   292 ||  4008
       Reflection        |       |       |       |       |     8 |     4 |       |       |       ||    12
